 Dungeon Crawl Stone Soup version 0.17-a0-1430-g49fde19 (webtiles) character file.

3049 hexophile the Arsonist (level 9, -6/68 HPs)
             Began as a Naga Fire Elementalist on June 25, 2015.
             Was a Follower of Vehumet.
             Mangled by a spider (8 damage)
             ... on level 9 of the Dungeon.
             The game lasted 00:55:15 (8706 turns).

hexophile the Arsonist (Naga Fire Elementalist)     Turns: 8706, Time: 00:55:16

Health: -6/68      AC:  8    Str: 11    XL:     9   Next: 87%
Magic:  3/16       EV:  9    Int: 19    God:    Vehumet [*.....]
Gold:   367        SH:  0    Dex: 11    Spells: 5 memorised, 4 levels left

rFire  . . .     SeeInvis +     F - +0 blowgun
rCold  . . .     Clarity  .     U - +0 robe {MR+}
rNeg   . . .     SustAt   .     (no shield)
rPois  +         Gourm    .     a - +0 helmet
rElec  .         Spirit   .     A - +2 cloak
rCorr  .         Warding  .     (no gloves)
rMut   .         Stasis   .     (no barding)
MR     ++...                    C - amulet of regeneration
Stlth  ++........               (no ring)
                                (no ring)

@: very slightly contaminated, drained, very slow, very resistant to hostile
enchantments, unstealthy
A: see invisible, deformed body, poison resistance, slowness 2, slow metabolism
1, spit poison 2, AC +3
a: Spit Poison, Renounce Religion


You were on level 9 of the Dungeon.
You worshipped Vehumet.
Vehumet was aware of your devotion.
You were not hungry.

You visited 2 branches of the dungeon, and saw 10 of its levels.

You collected 367 gold pieces.

Inventory:

Hand weapons
 g - a +0 dagger
 s - a +0 spear
 F - a +0 blowgun (weapon)
Missiles
 o - 4 javelins
 q - 28 poisoned needles (quivered)
 r - 226 stones
 y - 13 curare-tipped needles
Armour
 a - a +0 helmet (worn)
 A - a +2 cloak (worn)
 U - a +0 robe of magic resistance (worn)
Magical staves
 j - an uncursed staff of fire
Jewellery
 C - an amulet of regeneration (around neck)
Magical devices
 H - a wand of magic darts (34)
 M - a wand of disintegration (9)
 R - a wand of polymorph (7)
Scrolls
 d - 2 scrolls of noise {unknown}
 e - 2 scrolls of recharging {unknown}
 f - 3 scrolls of enchant armour
 h - 2 scrolls of remove curse
 m - 3 scrolls of enchant weapon {unknown}
 n - 4 scrolls of identify
 u - 3 scrolls of teleportation {unknown}
 x - a scroll of immolation {unknown}
 D - 2 scrolls of magic mapping {unknown}
 J - a scroll of fog {unknown}
 K - a scroll of fear {unknown}
 T - a scroll of torment {unknown}
Potions
 i - a potion of magic {unknown}
 l - a potion of cure mutation {unknown}
 p - 2 potions of brilliance {unknown}
 w - a potion of might
 z - a potion of resistance {unknown}
 B - a potion of invisibility {unknown}
 E - a potion of mutation {unknown}
 G - a potion of lignification {unknown}
 I - a potion of degeneration {unknown}
 L - a potion of cancellation {unknown}
 O - a potion of agility {unknown}
 Q - a potion of flight {unknown}
Books
 b - a book of Flames

   Spells                             Type                      Level
   a - Flame Tongue                   Conjuration/Fire             1
   b - Throw Flame                    Conjuration/Fire             2
   c - Conjure Flame                  Conjuration/Fire             3
   d - Inner Flame                    Hexes/Fire                   3
   e - Sticky Flame                   Conjuration/Fire             4
   f - Fireball                       Conjuration/Fire             5
Comestibles
 c - 6 bread rations
 t - 3 beef jerkies
 v - 4 meat rations
 P - 2 fruits
 S - 2 royal jellies
 V - 7 slices of pizza


   Skills:
 - Level 1.5(1.2) Dodging
 - Level 3.0(2.7) Stealth
 + Level 5.1(4.8) Spellcasting
 * Level 7.8(7.5) Conjurations
 * Level 9.3(8.9) Fire Magic
 - Level 3.5(3.1) Evocations


You had 4 spell levels left.
You knew the following spells:

 Your Spells              Type           Power        Failure   Level  Hunger
a - Flame Tongue          Conj/Fire      #####        1%          1    None
b - Conjure Flame         Conj/Fire      #####...     1%          3    ##.....
c - Sticky Flame          Conj/Fire      #####...     6%          4    ####...
d - Fireball              Conj/Fire      #####.....   14%         5    ######.
e - Sandblast             Erth           #.....       14%         1    None


Dungeon Overview and Level Annotations

Branches:
Dungeon (9/15)             Temple (1/1) D:7
   Lair: D:8-11         Orc: D:9-12

Altars:
Ashenzari
Cheibriados
Dithmenos
Elyvilon
Gozag
Makhleb
Nemelex Xobeh
Okawaru
Qazlal
Ru
Sif Muna
Trog
Vehumet
Xom
Yredelemnul
Zin
The Shining One

Shops:
D:9 =

Annotations:
D:7 exclusions: crimson imp and downstairs


Innate Abilities, Weirdness & Mutations

You cannot wear boots.
Your serpentine skin is tough (AC +3).
You have supernaturally acute eyesight.
Armour fits poorly on your strangely shaped body.
Your system is resistant to poisons.
You cover ground very slowly.
You have a slow metabolism.
You can spit poison.


Message History

The spider bites you!
* * * LOW HITPOINT WARNING * * *
The spider barely misses you.
The spider bites you but does no damage.
The spider barely misses you. x2
The wight closely misses you.
Drink which item? (? for menu, Esc to quit)
You feel better. The spider barely misses you. The spider closely misses you.
The spider bites you!
* * * LOW HITPOINT WARNING * * *
The spider barely misses you. The spider bites you.
* * * LOW HITPOINT WARNING * * *
The spider bites you but does no damage. x2
The spider barely misses you.
The wight hits you from afar with a spear.
* * * LOW HITPOINT WARNING * * *
The spider closely misses you. x2
The spider bites you but does no damage.
The spider completely misses you. The spider bites you!
You die...

##..<....##
#.........###########
#....)..............#
#...................#####
#........................
#.........#####.#########
##.......## #.###
#......sss# #...#
#......s@s# #.#.#
#......sss# #..#.# ##
#.......z.# #.##.## #.
#.........# #. #..## #.
##.......## #. ##..# #.
#......## #. ##># #.
##.###.## #. #.# #. #..#
#.# #.# ## .#.## #)# #.#


You could see 8 spiders and a wight.

Vanquished Creatures
  Grinder (D:6)
  The ghost of urechis the Twirler, an average TeGl (D:5)
  A human (D:9)
  A yak (D:9)
  Menkaure (D:6)
  Duvessa (D:4)
  An orc warrior (D:6)
  A phantom (D:5)
  2 centaurs
  3 ogres
  A wyvern zombie (D:9)
  Dowan (D:4)
  2 wights (D:9)
  A scorpion (D:8)
  4 orc priests
  3 jellies
  A quasit (Temple)
  A crimson imp (D:6)
  2 centaur skeletons
  A centaur zombie (D:4)
  2 giant frog zombies
  A human zombie (D:8)
  3 hounds
  A human skeleton (D:8)
  5 orc wizards
  10 worker ants
  3 sheep (D:9)
  4 gnolls
  12 adders
  A shadow imp (D:7)
  3 oozes
  An adder zombie (D:5)
  A worm (D:4)
  An adder skeleton (D:6)
  6 giant geckos
  12 orcs
  19 bats
  A bat skeleton (D:7)
  A bat zombie (D:5)
  12 goblins
  9 hobgoblins
  10 jackals
  12 kobolds
  5 quokkas
  6 giant cockroaches
  A giant gecko skeleton (D:4)
  6 giant newts
  14 rats
192 creatures vanquished.

Vanquished Creatures (others)
  A fire vortex (D:4)
1 creature vanquished.

Grand Total: 193 creatures vanquished

Notes
Turn   | Place    | Note
--------------------------------------------------------------
     0 | D:1      | hexophile the Naga Fire Elementalist began the quest for the Orb.
     0 | D:1      | Reached XP level 1. HP: 15/15 MP: 3/3
   145 | D:1      | Reached XP level 2. HP: 17/22 MP: 0/5
   600 | D:1      | Found a shimmering altar of Xom.
   721 | D:1      | Reached XP level 3. HP: 19/28 MP: 1/6
   734 | D:1      | Learned a level 3 spell: Conjure Flame
  1599 | D:2      | Found an opulent altar of Gozag.
  1599 | D:2      | Found an iron altar of Okawaru.
  1620 | D:2      | Reached XP level 4. HP: 19/36 MP: 2/8
  2275 | D:3      | Reached skill level 4 in Fire Magic
  2379 | D:3      | Reached XP level 5. HP: 9/42 MP: 0/10
  3023 | D:4      | Noticed Duvessa
  3023 | D:4      | Noticed Dowan
  3046 | D:4      | Killed Duvessa
  3046 | D:4      | Reached XP level 6. HP: 43/49 MP: 6/12
  3046 | D:4      | Killed Dowan
  3338 | D:4      | Learned a level 4 spell: Sticky Flame
  3344 | D:4      | Learned a level 5 spell: Fireball
  3370 | D:4      | Reached skill level 5 in Fire Magic
  3404 | D:4      | Noticed an ogre
  3421 | D:4      | Noticed a fire vortex
  3421 | D:4      | Noticed a fire vortex
  3423 | D:4      | Killed a fire vortex
  3439 | D:4      | Killed an ogre
  3439 | D:4      | Reached XP level 7. HP: 28/55 MP: 7/14
  3747 | D:4      | Reached skill level 5 in Spellcasting
  4014 | D:4      | Found a stormy altar of Qazlal.
  4223 | D:5      | Entered Level 5 of the Dungeon
  4229 | D:5      | Noticed urechis's ghost (average TeGl)
  4845 | D:5      | Reached skill level 6 in Fire Magic
  4887 | D:5      | Noticed a fire vortex
  4931 | D:5      | Killed urechis's ghost
  4931 | D:5      | Reached XP level 8. HP: 31/62 MP: 1/15
  5590 | D:6      | Found a shattered altar of Ashenzari.
  5746 | D:6      | Reached skill level 5 in Conjurations
  5927 | D:6      | Found Tuavuf's Gadget Boutique.
  6034 | D:6      | Reached skill level 7 in Fire Magic
  6159 | D:6      | Noticed Grinder
  6174 | D:6      | Killed Grinder
  6174 | D:6      | Reached skill level 1 in Evocations
  6206 | D:6      | Noticed Menkaure
  6237 | D:6      | Killed Menkaure
  6471 | D:6      | Reached XP level 9. HP: 63/68 MP: 4/16
  6885 | D:6      | Reached skill level 8 in Fire Magic
  7312 | D:7      | Found a staircase to the Ecumenical Temple.
  7344 | Temple   | Entered the Ecumenical Temple
  7606 | D:7      | Found a radiant altar of Vehumet.
  7626 | D:7      | Became a worshipper of Vehumet
  8394 | D:9      | Reached skill level 9 in Fire Magic
  8484 | D:9      | Acquired Vehumet's first power
  8484 | D:9      | Offered knowledge of Sandblast by Vehumet.
  8487 | D:9      | Learned a level 1 spell: Sandblast
  8553 | D:9      | Found Jubbawaz's Jewellery Emporium.
  8706 | D:9      | HP: 2/68 [wight/spear (5)]
  8706 | D:9      | Mangled by a spider

Vault maps used:
D:1:      dpeg_arrival_chase, xom_teletrap_fun
D:2:      gammafunk_temple_overflow_wave
D:4:      grunt_qazlal_clouds, st_stairs_6, uniq_duvessa
D:5:      first_bread
D:6:      serial_shops, nicolae_shop_stone, cheibrodos_ashenzari_chains,
          uniq_grinder, uniq_menkaure
D:7:      fiery_altar_vehumet, minmay_temple_entry_overgrown
D:8:      lemuel_doored_altar, lemuel_mausoleum_altar_kikubaaqudgha
D:9:      serial_shops, nicolae_shop_statue_plus, grunt_livestock, spider_trap
Temple:   temple_eino_lava_12

Action                   |  1- 3 |  4- 6 |  7- 9 || total
-------------------------+-------+-------+-------++-------
Melee: Unarmed           |     5 |       |       ||     5
       Dagger            |     7 |       |       ||     7
       Spear             |     6 |    39 |    15 ||    60
       Staff             |       |       |    12 ||    12
 Fire: Blowgun           |       |    31 |   123 ||   154
Throw: Javelin           |     4 |       |       ||     4
 Cast: Flame Tongue      |    52 |    75 |   198 ||   325
       Sticky Flame      |       |     2 |    33 ||    35
       Conjure Flame     |       |       |    10 ||    10
       Fireball          |       |       |     3 ||     3
 Abil: Spit Poison       |     7 |     8 |     8 ||    23
  Use: Scroll            |     1 |     5 |     2 ||     8
       Potion            |       |     3 |     4 ||     7
 Stab: Sleeping          |       |     3 |     7 ||    10
       Distracted        |       |       |     2 ||     2
  Eat: Chunk             |     2 |     4 |    25 ||    31
       Beef jerky        |       |     1 |       ||     1
